 Dungeon Crawl Stone Soup version 0.21.1-1-g345015f (webtiles) character file.

450514 anp the Omniscient (level 24, -3/192 (193) HPs)
             Began as a Gnoll Monk on Feb 10, 2018.
             Was the Champion of Ashenzari.
             Splashed by an acid blob's acid (5 damage)
             ... created by the Royal Jelly
             ... on level 5 of the Pits of Slime.
             The game lasted 04:43:03 (63620 turns).

anp the Omniscient (Gnoll Monk)                    Turns: 63620, Time: 04:43:03

HP:   -3/192 (193)  AC:  0    Str: 22    XL:     24   Next: 28%
MP:   42/42         EV: 28    Int: 19    God:    Ashenzari [******]
Gold: 1549          SH: 14    Dex: 20    Spells: 6/53 levels left

rFire    . . .     SeeInvis +   e - +8 demon whip of the Forgotten Friends {vamp, Str+4} (curse)
rCold    + + .     Gourm    .   p - +0 buckler {AC+3} (curse)
rNeg     + . .     Faith    .   u - +0 leather armour "Zuohyeme" {MR+ rCorr} (curse)
rPois    +         Spirit   .   I - +2 helmet (curse)
rElec    .         Reflect  +   d - +2 cloak {rPois} (curse)
rCorr    +         Harm     .   m - +2 pair of gloves (curse)
MR       +++..     Clarity  +   (no boots)
Stlth    +++++++...             C - +5 amulet of reflection (curse)
HPRegen  0.42/turn              V - ring of the Moon {rC++ MR+ Str-3} (curse)
MPRegen  0.28/turn              s - ring "Gomi" {Wiz rN+ Str+2 Int+2}

@: corroded
A: distributed training, fangs 1, strong nose
}: 2/15 runes: serpentine, barnacled
a: Curse Item, Scrying, Renounce Religion


You were on level 5 of the Pits of Slime.
You worshipped Ashenzari.
Ashenzari was exalted by your worship.
You were full.

You visited 9 branches of the dungeon, and saw 44 of its levels.
You visited the Abyss 1 time.

You collected 5031 gold pieces.
You spent 3482 gold pieces at shops.

Inventory:

Hand Weapons
 e - the cursed +8 demon whip of the Forgotten Friends (weapon) {vamp, Str+4}
   (You acquired it on level 11 of the Dungeon)

   It inflicts no extra harm, but heals its wielder when it wounds a living foe.
   It affects your strength (+4).
   It has a curse placed upon it.
 U - a +0 blowgun
Missiles
 n - 82 poisoned needles
 t - 33 javelins of returning (quivered)
 H - 13 poisoned javelins
 L - 1903 arrows
 S - 7 throwing nets
 W - 20 curare-tipped needles
Armour
 d - a cursed +2 cloak of poison resistance (worn)
 m - a cursed +2 pair of gloves (worn)
 p - a cursed +0 buckler of protection (worn)
 u - the cursed +0 leather armour "Zuohyeme" (worn) {MR+ rCorr}
   (You found it on level 5 of the Lair of Beasts)

   It affects your resistance to hostile enchantments.
   It protects you from acid and corrosion.
   It has a curse placed upon it.
 I - a cursed +2 helmet (worn)
Jewellery
 s - the ring "Gomi" (right hand) {Wiz rN+ Str+2 Int+2}
   (You bought it in a shop on level 1 of the Elven Halls)

   [ring of wizardry]

   It improves your spell success rate.
   It affects your strength (+2).
   It affects your intelligence (+2).
   It protects you from negative energy.
 C - a cursed +5 amulet of reflection (around neck)
 V - the cursed ring of the Moon (left hand) {rC++ MR+ Str-3}
   (You found it on level 4 of the Lair of Beasts)

   [ring of protection from magic]

   It affects your strength (-3).
   It greatly protects you from cold.
   It affects your resistance to hostile enchantments.
   It has a curse placed upon it.
Wands
 k - a wand of polymorph (23)
 l - a wand of clouds (7)
 v - a wand of scattershot (8)
 K - a wand of paralysis (17)
 M - a wand of digging (19)
 O - a wand of disintegration (26)
 P - a wand of flame (102)
 Y - a wand of acid (21)
 Z - a wand of iceblast (29)
Scrolls
 f - 12 scrolls of magic mapping
 g - 5 scrolls of remove curse
 i - 20 scrolls of teleportation
 j - 16 scrolls of identify
 x - 5 scrolls of fog
 F - a scroll of silence
 G - a scroll of blinking
 J - 9 scrolls of immolation
 X - 5 scrolls of fear
Potions
 h - 2 potions of lignification
 o - 6 potions of curing
 q - 3 potions of flight
 r - 2 potions of heal wounds
 w - 2 potions of resistance
 z - a potion of invisibility
 A - 3 potions of ambrosia
 B - 2 potions of cancellation
 N - 5 potions of might
 R - 3 potions of haste
 T - 7 potions of agility
Comestibles
 c - 31 rations


   Skills:
 + Level 16.4 Fighting
 + Level 15.4 Short Blades
 + Level 15.4 Long Blades
 + Level 16.4 Axes
 + Level 15.4(19.3) Maces & Flails
 + Level 15.4 Polearms
 + Level 15.4 Staves
 + Level 15.4 Slings
 + Level 15.4 Bows
 + Level 15.4 Crossbows
 + Level 15.4 Throwing
 + Level 15.4 Armour
 + Level 16.4(18.9) Dodging
 + Level 15.8(18.3) Stealth
 + Level 15.4(17.9) Shields
 + Level 15.4 Unarmed Combat
 + Level 15.4 Spellcasting
 + Level 13.2(15.9) Conjurations
 + Level 13.2(15.9) Hexes
 + Level 13.2(15.9) Charms
 + Level 13.2(15.9) Summonings
 + Level 13.2(15.9) Necromancy
 + Level 13.2(15.9) Translocations
 + Level 13.2(15.9) Transmutations
 + Level 13.2(15.9) Fire Magic
 + Level 13.2(15.9) Ice Magic
 + Level 13.2(15.9) Air Magic
 + Level 13.2(15.9) Earth Magic
 + Level 13.2(15.9) Poison Magic
 + Level 16.6 Invocations
 + Level 15.4(17.9) Evocations


You had 6 spell levels left.
You knew the following spells:

 Your Spells              Type           Power        Failure   Level  Hunger
a - Sticks to Snakes      Tmut           ######..     0%          2    None
b - Shroud of Golubria    Chrm/Tloc      ######....   0%          2    None
c - Regeneration          Chrm/Necr      ######....   0%          3    None
d - Ozocubu's Armour      Chrm/Ice       ######..     0%          3    None
e - Summon Forest         Summ/Tloc      ######....   1%          5    ###....
f - Aura of Abjuration    Summ           ######....   1%          5    ###....
g - Summon Mana Viper     Hex/Summ       ######..     1%          5    ###....
h - Shadow Creatures      Summ           N/A          1%          6    #####..
i - Deflect Missiles      Chrm/Air       ######....   1%          6    #####..
j - Controlled Blink      Tloc           N/A          17%         8    #######
k - Song of Slaying       Chrm           ######..     0%          2    None


Dungeon Overview and Level Annotations

Branches:
Dungeon (15/15)            Temple (1/1) D:6            Lair (6/6) D:9
 Shoals (4/4) Lair:2        Snake (4/4) Lair:2        Slime (5/5) Lair:6
    Orc (2/2) D:11            Elf (3/3) Orc:2        Vaults (4/5) D:14
  Crypt (0/3) Vaults:3     Depths (0/5) D:15

Altars:
Ashenzari
Cheibriados
Dithmenos
Elyvilon
Fedhas
Gozag
Hepliaklqana
Kikubaaqudgha
Makhleb
Nemelex Xobeh
Qazlal
Sif Muna
Trog
Uskayaw
Vehumet
Wu Jian
Xom
Yredelemnul
Zin
The Shining One
Beogh
Jiyva

Shops:
D:4 :   Orc:2 (*[%}*}=%   Elf:1 ==}   Shoals:4 [   Snake:1 :[   Snake:2 %%
Vaults:1 [

Annotations:
Slime:5 Royal Jelly


Innate Abilities, Weirdness & Mutations

Your experience applies equally to all skills.
You have very sharp teeth.
Your uncanny sense of smell can sniff out nearby items.


Message History

* * * LOW HITPOINT WARNING * * *
The Royal Jelly barely misses you.
You whack the Royal Jelly!
You feel better. The acid corrodes you!
Your hands burn!
The Royal Jelly is severely wounded.
Your water moccasin bites the acid blob.
Your water moccasin is burned by acid!
The Royal Jelly hits you!!
* * * LOW HITPOINT WARNING * * *
You are splashed with acid!
The acid burns!
You resist.
* * * LOW HITPOINT WARNING * * *
The Royal Jelly hits you!
* * * LOW HITPOINT WARNING * * *
The acid corrodes you!
You are splashed with acid!
The acid burns!
You resist.
* * * LOW HITPOINT WARNING * * *
The acid blob spits acid at you. The splash of acid hits you! You resist.
* * * LOW HITPOINT WARNING * * *
The acid corrodes you!
You are splashed with acid!
The acid burns!
You resist.
You die...

............................<..#.
.................................
.................................
......................((.........
........................(.......(
.......................(........(
...........###.#SS##..(.........(
...........#*###S####.(..........
..........##!##J@##$###..........
.........##?[)#J##(?[##..........
........##$|)##J{##?[?###........
......###%)!)%##J#$=φ=$##........
.......##$$:)##J{##(|[/##........
.......###)$#}#.##:#[?####.......
.......########..########........
.......#...#........#...##.......
......(..#((.#._..#...#..........


You could see the Royal Jelly, an acid blob, 2 death oozes, a friendly water
moccasin and 2 friendly adders.

Vanquished Creatures
  Asterion (Elf:3)
  6 deep elf master archers (Elf:3)
  6 deep elf blademasters
  20 acid blobs
  2 krakens
  3 sphinxes
  Ilsuiw (Shoals:4)
  Donald (Vaults:3)
  2 fire giants (Vaults:3)
  12 nagarajas
  17 azure jellies
  4 frost giants
  8 deep elf sorcerers
  17 vault wardens
  5 deep elf elementalists (Elf:3)
  11 ironheart preservers
  7 stone giants
  2 entropy weavers (Vaults:2)
  9 very ugly things
  A vampire knight (Vaults:3)
  6 deep elf demonologists
  8 deep elf annihilators (Elf:3)
  A dire elephant (Lair:4)
  An ettin (Vaults:4)
  Josephine (D:14)
  A fire dragon (Vaults:2)
  11 death oozes (Slime:5)
  7 deep elf death magi
  7 merfolk javelineers
  Erolcha (D:12)
  6 yaktaur captains
  5 deep elf high priests (Elf:3)
  9 merfolk impalers
  4 great orbs of eyes
  5 hydras
  21 naga warriors
  A rakshasa (Vaults:2)
  8 vault guards
  Harold (D:11)
  2 catoblepae
  The ghost of othur the Nimble, a journeyman MiFi of Yredelemnul (D:12)
  3 large abominations (Elf:3)
  14 anacondas
  4 death knights
  2 merfolk avatars (Shoals:4)
  5 centaur warriors
  2 satyrs
  7 merfolk aquamancers
  35 dancing weapons
  7 death yaks (Lair:5)
  7 ogre magi
  18 naga sharpshooters
  A deep troll earth mage (Vaults:3)
  A hell hog (Abyss:1)
  21 two-headed ogres
  2 deep troll shamans
  A shock serpent (shapeshifter) (Vaults:2)
  6 shock serpents
  20 deep elf knights
  4 salamander mystics
  4 shadow wraiths
  Nergalle (D:11)
  30 sea snakes
  A soul eater (Vaults:3)
  6 skeletal warriors
  2 unseen horrors
  A glowing orange brain (shapeshifter) (Vaults:4)
  10 deep trolls
  14 naga ritualists
  A wizard (Vaults:3)
  17 deep elf archers
  Pikel (D:7)
  A harpy (shapeshifter) (Vaults:2)
  15 harpies
  4 phantasmal warriors
  2 necromancers
  10 orc knights
  14 ironbrand convokers
  13 mana vipers
  3 wolf spiders (Vaults:1)
  4 cyclopes
  13 salamanders
  40 ugly things
  66 deep elf magi
  2 oklob plants (Lair:6)
  A shining eye (Slime:5)
  15 fauns
  12 orc sorcerers
  A cyclops (shapeshifter) (Vaults:1)
  19 elephants
  A fire giant skeleton (Vaults:1)
  A frost giant skeleton (Vaults:1)
  13 manticores
  15 merfolk sirens
  15 guardian serpents
  11 vault sentinels
  36 black mambas
  A water nymph (shapeshifter) (Vaults:1)
  8 water nymphs
  An eye of devastation (shapeshifter) (Elf:3)
  8 spiny frogs
  24 naga magi
  2 eyes of devastation (Slime:5)
  A gargoyle (D:15)
  4 torpor snails
  2 kobold demonologists (D:13)
  8 komodo dragons
  3 rime drakes
  7 freezing wraiths
  32 yaktaurs
  An ancient zyme (Abyss:1)
  2 tengu conjurers (D:13)
  7 hornets
  5 trolls
  A wind drake (shapeshifter) (Vaults:2)
  A jumping spider (Vaults:2)
  7 polar bears
  A polar bear (shapeshifter) (D:14)
  26 merfolk
  4 wind drakes
  Prince Ribbit (D:8)
  Grinder (D:5)
  4 dream sheep
  57 slime creatures
  3 human simulacra
  9 snapping turtles
  5 blink frogs (Lair:2)
  A meliai zombie (D:15)
  A stone giant simulacrum (Vaults:1)
  12 hippogriffs
  The ghost of Anon1729 the Sneak, an amateur OpEE (D:4)
  A centaur simulacrum (D:14)
  A redback (Vaults:2)
  A tarantella (Vaults:2)
  A redback (shapeshifter) (Vaults:3)
  15 spriggans (Lair:6)
  5 air elementals
  2 vampires
  3 fire elementals
  2 small abominations
  A basilisk (shapeshifter) (Vaults:4)
  7 wraiths
  4 wyverns
  4 hogs (Lair:6)
  51 yaks
  3 basilisks
  A hog (shapeshifter) (Vaults:3)
  3 golden eyes (Slime:4)
  16 water elementals
  Grum (D:9)
  3 fire bats (Lair:3)
  A neqoxec (Abyss:1)
  5 vampire mosquitoes
  3 hungry ghosts
  12 wargs
  A warg (shapeshifter) (Vaults:1)
  11 water moccasins
  62 nagas
  A soldier ant (D:7)
  2 acid dragons
  5 porcupines
  5 ice beasts
  4 sky beasts
  2 slaves (D:7)
  36 orc warriors
  23 ogres
  4 black bears
  4 phantoms
  An ogre skeleton (Vaults:1)
  43 wolves
  5 eyes of draining
  A boggart (shapeshifter) (Elf:3)
  4 necrophages
  21 centaurs
  6 boggarts
  A crocodile (shapeshifter) (Vaults:2)
  17 crocodiles
  2 big kobolds
  An earth elemental (Elf:3)
  15 bullfrogs
  A glowing shapeshifter simulacrum (Vaults:1)
  17 killer bees
  9 wights
  An electric eel (Snake:3)
  4 howler monkeys
  7 crimson imps
  A bullfrog zombie (D:5)
  4 jellies
  4 centaur zombies
  6 hounds
  2 gnoll shamans
  19 orc priests
  43 orc wizards
  5 human zombies (D:8)
  2 bullfrog skeletons
  7 centaur skeletons
  Jessica (D:2)
  2 human skeletons (D:8)
  Terence (D:2)
  6 iguanas
  9 worker ants
  3 killer bee zombies
  8 ogre zombies (D:11)
  A hound zombie (D:6)
  3 hound skeletons
  A howler monkey zombie (D:11)
  9 gnolls
  A gnoll (shapeshifter) (Vaults:1)
  A howler monkey skeleton (D:11)
  14 adders
  5 shadow imps
  2 oozes (D:4)
  3 adder skeletons
  3 worms
  A dart slug (D:1)
  9 leopard geckos
  146 orcs
  3 giant cockroaches
  7 goblins
  5 hobgoblins
  19 jackals
  8 quokkas
  6 bats
  4 frilled lizards
  2 goblin zombies (D:11)
  3 hobgoblin skeletons (D:11)
  4 hobgoblin zombies (D:11)
  14 kobolds
  2 leopard gecko skeletons (D:4)
  2 orc skeletons (D:11)
  16 orc zombies
  6 rats
  2 crawling corpses (Elf:3)
  A fungus (Elf:3)
  A plant (Lair:6)
  11 tentacles
1968 creatures vanquished.

Vanquished Creatures (collateral kills)
  An acid blob (Slime:5)
  A nagaraja (Snake:4)
  A merfolk avatar (Shoals:2)
  A naga warrior (Snake:4)
  An anaconda (Snake:1)
  A naga sharpshooter (Snake:4)
  4 sea snakes
  2 fauns (Shoals:2)
  5 black mambas (Snake:1)
  A merfolk siren (Shoals:4)
  A water nymph (Shoals:2)
  A merfolk (Shoals:2)
  A hippogriff (Shoals:2)
21 creatures vanquished.

Vanquished Creatures (others)
  2 deep elf master archers (Elf:3)
  A deep elf sorcerer (Elf:3)
  2 merfolk javelineers
  A deep elf knight (Elf:2)
  2 deep elf archers
  A harpy (Shoals:2)
  2 cyclopes
  4 deep elf magi
  2 fauns
  A black mamba (Snake:4)
  A merfolk siren (Shoals:2)
  4 yaktaurs
  A fire elemental (Elf:3)
  A naga (Snake:4)
  A slave (D:8)
  A boggart (Vaults:2)
  7 centaurs
  An orc wizard (Orc:2)
  4 orcs
  A giant cockroach (D:2)
  A rat (D:2)
  A crawling corpse (Elf:3)
  80 fungi
  58 plants
  A snaplasher vine (Shoals:2)
  7 starspawn tentacles (Abyss:1)
  26 tentacles
214 creatures vanquished.

Grand Total: 2203 creatures vanquished

Notes
Turn   | Place    | Note
-------+----------+-------------------------------------------
     0 | D:1      | anp the Gnoll Monk began the quest for the Orb.
     0 | D:1      | Reached XP level 1. HP: 23/23 MP: 1/1
   297 | D:1      | Reached XP level 2. HP: 26/29 MP: 2/2
  1017 | D:2      | Reached XP level 3. HP: 35/35 MP: 3/3
  1083 | D:2      | Reached skill level 1 in Invocations
  1195 | D:2      | Noticed Jessica
  1210 | D:2      | Killed Jessica
  1210 | D:2      | Reached skill level 1 in Short Blades
  1210 | D:2      | Reached skill level 1 in Long Blades
  1210 | D:2      | Reached skill level 1 in Maces & Flails
  1210 | D:2      | Reached skill level 1 in Polearms
  1210 | D:2      | Reached skill level 1 in Staves
  1210 | D:2      | Reached skill level 1 in Slings
  1210 | D:2      | Reached skill level 1 in Bows
  1210 | D:2      | Reached skill level 1 in Crossbows
  1210 | D:2      | Reached skill level 1 in Throwing
  1210 | D:2      | Reached skill level 1 in Armour
  1210 | D:2      | Reached skill level 1 in Shields
  1210 | D:2      | Reached skill level 1 in Unarmed Combat
  1210 | D:2      | Reached skill level 1 in Spellcasting
  1210 | D:2      | Reached skill level 1 in Evocations
  1210 | D:2      | Reached XP level 4. HP: 41/41 MP: 5/5
  1476 | D:2      | Noticed Terence
  1500 | D:2      | Killed Terence
  1500 | D:2      | Reached skill level 1 in Conjurations
  1500 | D:2      | Reached skill level 1 in Hexes
  1500 | D:2      | Reached skill level 1 in Charms
  1500 | D:2      | Reached skill level 1 in Summonings
  1500 | D:2      | Reached skill level 1 in Necromancy
  1500 | D:2      | Reached skill level 1 in Translocations
  1500 | D:2      | Reached skill level 1 in Transmutations
  1500 | D:2      | Reached skill level 1 in Fire Magic
  1500 | D:2      | Reached skill level 1 in Ice Magic
  1500 | D:2      | Reached skill level 1 in Air Magic
  1500 | D:2      | Reached skill level 1 in Earth Magic
  1500 | D:2      | Reached skill level 1 in Poison Magic
  1755 | D:2      | Found a blossoming altar of Fedhas.
  1834 | D:2      | Found a shattered altar of Ashenzari.
  1844 | D:2      | Became a worshipper of Ashenzari the Shackled
  1844 | D:2      | Reached * piety under Ashenzari
  1844 | D:2      | Reached ** piety under Ashenzari
  1991 | D:2      | Reached XP level 5. HP: 47/47 MP: 6/6
  2343 | D:3      | Found an ornate altar of the Wu Jian Council.
  2516 | D:3      | Found a bloodstained altar of Trog.
  3432 | D:3      | Reached XP level 6. HP: 53/53 MP: 8/8
  3535 | D:4      | Found Kuss's Book Shop.
  3645 | D:4      | Noticed Anon1729's ghost (amateur OpEE)
  3669 | D:4      | Killed Anon1729's ghost
  3669 | D:4      | Reached XP level 7. HP: 53/60 MP: 10/10
  4054 | D:5      | Entered Level 5 of the Dungeon
  4135 | D:5      | Reached skill level 5 in Stealth
  4319 | D:5      | Noticed Grinder
  4326 | D:5      | Killed Grinder
  4326 | D:5      | Reached XP level 8. HP: 67/67 MP: 10/12
  4667 | D:5      | Paralysed by an orc wizard for 2 turns
  4756 | D:5      | Reached *** piety under Ashenzari
  5439 | D:6      | Reached XP level 9. HP: 72/72 MP: 14/14
  5457 | D:6      | Found a shadowy altar of Dithmenos.
  5457 | D:6      | Noticed a two-headed ogre
  5603 | D:6      | Killed a two-headed ogre
  5924 | D:6      | Reached skill level 5 in Invocations
  6093 | D:6      | Found a glowing golden altar of the Shining One.
  6097 | D:6      | Found an ancient bone altar of Kikubaaqudgha.
  6202 | D:6      | Found a staircase to the Ecumenical Temple.
  6297 | D:7      | Found a stormy altar of Qazlal.
  6478 | D:7      | Found a burning altar of Makhleb.
  6728 | D:7      | Reached XP level 10. HP: 53/80 MP: 17/17
  7037 | D:8      | Noticed Pikel
  7363 | D:7      | Killed Pikel
  7363 | D:7      | Reached skill level 5 in Short Blades
  7363 | D:7      | Reached skill level 5 in Long Blades
  7363 | D:7      | Reached skill level 5 in Maces & Flails
  7363 | D:7      | Reached skill level 5 in Polearms
  7363 | D:7      | Reached skill level 5 in Staves
  7363 | D:7      | Reached skill level 5 in Slings
  7363 | D:7      | Reached skill level 5 in Bows
  7363 | D:7      | Reached skill level 5 in Crossbows
  7363 | D:7      | Reached skill level 5 in Throwing
  7363 | D:7      | Reached skill level 5 in Armour
  7363 | D:7      | Reached skill level 5 in Shields
  7363 | D:7      | Reached skill level 5 in Unarmed Combat
  7363 | D:7      | Reached skill level 5 in Spellcasting
  7363 | D:7      | Reached skill level 5 in Evocations
  7903 | D:8      | Noticed Prince Ribbit
  7917 | D:8      | Killed Prince Ribbit
  8315 | D:8      | Found a basalt altar of Yredelemnul.
  8638 | D:8      | Noticed a two-headed ogre
  8641 | D:8      | Killed a two-headed ogre
  8971 | D:8      | Reached **** piety under Ashenzari
  9179 | D:9      | Found a radiant altar of Vehumet.
  9303 | D:9      | Reached XP level 11. HP: 58/87 MP: 19/19
  9726 | D:9      | Noticed Grum
  9785 | D:9      | Killed Grum
 10455 | D:9      | Found a glowing silver altar of Zin.
 10455 | D:9      | Noticed an angel
 10564 | D:9      | Found a staircase to the Lair.
 10755 | D:10     | Entered Level 10 of the Dungeon
 10760 | D:10     | Reached skill level 5 in Conjurations
 10760 | D:10     | Reached skill level 5 in Hexes
 10760 | D:10     | Reached skill level 5 in Charms
 10760 | D:10     | Reached skill level 5 in Summonings
 10760 | D:10     | Reached skill level 5 in Necromancy
 10760 | D:10     | Reached skill level 5 in Translocations
 10760 | D:10     | Reached skill level 5 in Transmutations
 10760 | D:10     | Reached skill level 5 in Fire Magic
 10760 | D:10     | Reached skill level 5 in Ice Magic
 10760 | D:10     | Reached skill level 5 in Air Magic
 10760 | D:10     | Reached skill level 5 in Earth Magic
 10760 | D:10     | Reached skill level 5 in Poison Magic
 11265 | D:10     | Noticed an unseen horror
 11288 | D:10     | Killed an unseen horror
 12758 | D:11     | Identified a scroll of acquirement
 12761 | D:11     | Got the cursed demon whip of the Forgotten Friends {vamp, Str+4}
 12764 | D:11     | Identified the cursed +8 demon whip of the Forgotten Friends {vamp, Str+4} (You acquired it on level 11 of the Dungeon)
 12792 | D:11     | Noticed Harold
 12803 | D:11     | Killed Harold
 13171 | D:11     | Noticed Nergalle
 13180 | D:11     | Killed Nergalle
 13180 | D:11     | Reached XP level 12. HP: 96/96 MP: 20/22
 13370 | D:11     | Found a staircase to the Orcish Mines.
 13893 | D:12     | Identified the Volume of Mutagenic Sinister Magic
 13903 | D:12     | Noticed Erolcha
 13933 | D:12     | Killed Erolcha
 14064 | Lair:1   | Entered Level 1 of the Lair of Beasts
 14941 | Lair:1   | Noticed an eight-headed hydra
 14947 | Lair:1   | Killed an eight-headed hydra
 14948 | Lair:1   | Reached ***** piety under Ashenzari
 15206 | Lair:2   | Noticed a catoblepas
 15229 | Lair:2   | Killed a catoblepas
 15229 | Lair:2   | Reached skill level 10 in Fighting
 15229 | Lair:2   | Reached skill level 10 in Axes
 15229 | Lair:2   | Reached skill level 10 in Dodging
 15330 | Lair:2   | Found a staircase to the Snake Pit.
 15449 | Lair:2   | Found a staircase to the Shoals.
 15516 | Lair:2   | Reached XP level 13. HP: 103/103 MP: 24/24
 16812 | Lair:3   | Found a dark tunnel.
 17382 | Lair:4   | Found a runed door.
 17496 | Lair:4   | Noticed a dire elephant
 17551 | Lair:4   | Killed a dire elephant
 18110 | Lair:4   | Identified the ring of the Moon {rC++ MR+ Str-3}
 18219 | Lair:5   | Reached ****** piety under Ashenzari
 18233 | Lair:5   | Learned a level 2 spell: Sticks to Snakes
 18333 | Lair:5   | Reached XP level 14. HP: 111/111 MP: 26/26
 18548 | Lair:5   | Got the cursed leather armour "Zuohyeme" {MR+ rCorr}
 18559 | Lair:5   | Identified the cursed +0 leather armour "Zuohyeme" {MR+ rCorr} (You found it on level 5 of the Lair of Beasts)
 19311 | Temple   | Entered the Ecumenical Temple
 19934 | Lair:6   | Entered Level 6 of the Lair of Beasts
 20296 | Lair:6   | Got the uncursed robe of Cumnosch {Dex+6}
 20343 | Lair:6   | Found a viscous altar of Jiyva.
 20344 | Lair:6   | Found a staircase to the Slime Pits.
 20432 | Lair:6   | Reached skill level 10 in Stealth
 20683 | Lair:6   | Reached skill level 10 in Invocations
 22572 | D:12     | Reached XP level 15. HP: 119/119 MP: 28/28
 22614 | D:12     | Noticed othur's ghost (journeyman MiFi)
 22631 | D:12     | Killed othur's ghost
 24988 | D:14     | Found a roughly hewn altar of Beogh.
 25000 | D:14     | Noticed Josephine
 25043 | D:14     | Killed Josephine
 25619 | D:14     | Reached skill level 10 in Short Blades
 25619 | D:14     | Reached skill level 10 in Long Blades
 25619 | D:14     | Reached skill level 10 in Maces & Flails
 25619 | D:14     | Reached skill level 10 in Polearms
 25619 | D:14     | Reached skill level 10 in Staves
 25619 | D:14     | Reached skill level 10 in Slings
 25619 | D:14     | Reached skill level 10 in Bows
 25619 | D:14     | Reached skill level 10 in Crossbows
 25619 | D:14     | Reached skill level 10 in Throwing
 25619 | D:14     | Reached skill level 10 in Armour
 25619 | D:14     | Reached skill level 10 in Shields
 25619 | D:14     | Reached skill level 10 in Unarmed Combat
 25619 | D:14     | Reached skill level 10 in Spellcasting
 25619 | D:14     | Reached skill level 10 in Evocations
 25879 | D:14     | Found a gate to the Vaults.
 26010 | D:15     | Entered Level 15 of the Dungeon
 26355 | D:15     | Cast into level 1 of the Abyss (deep elf mage)
 26491 | Abyss:1  | Noticed a balrug
 26508 | Abyss:1  | Noticed a tentacled starspawn
 26536 | Abyss:1  | Identified the Compendium of Boosting Venom
 26576 | Abyss:1  | HP: 3/119 [poisoned by a death drake (dark miasma)]
 26757 | D:15     | Escaped the Abyss
 27216 | Orc:1    | Entered Level 1 of the Orcish Mines
 27537 | Orc:2    | Entered Level 2 of the Orcish Mines
 27898 | Orc:2    | Found Viphun's Antique Weapon Boutique.
 28055 | Orc:2    | Found Nonn's Food Shop.
 28233 | Orc:2    | Reached XP level 16. HP: 127/127 MP: 30/30
 28249 | Orc:2    | Paralysed by an orc sorcerer for 5 turns
 28294 | Orc:2    | Identified the +0 robe of Cumnosch {Dex+6} (You found it on level 6 of the Lair of Beasts)
 28335 | Orc:2    | Found a roughly hewn altar of Beogh.
 28429 | Orc:2    | Found Kadupput's Food Shoppe.
 28438 | Orc:2    | Found a staircase to the Elven Halls.
 28465 | Orc:2    | Found Wiwuock's Jewellery Emporium.
 28470 | Orc:2    | Found Rucurir's Gadget Shoppe.
 28507 | Orc:2    | Found a roughly hewn altar of Beogh.
 28595 | Orc:2    | Found Reacvys's Assorted Antiques.
 28624 | Orc:2    | Bought 2 potions of curing for 156 gold pieces
 28624 | Orc:2    | Bought a potion of curing for 78 gold pieces
 28634 | Orc:2    | Found Gulaplem's Gadget Boutique.
 28868 | Orc:2    | Found Enearyc's Assorted Antiques.
 28868 | Orc:2    | Found Miabyuh's Armour Emporium.
 28874 | Orc:2    | Bought an opal ring for 130 gold pieces
 28883 | Orc:2    | Bought a +1 cloak of poison resistance for 202 gold pieces
 29375 | Orc:2    | Bought a +5 ring of strength for 494 gold pieces
 29429 | Orc:2    | Bought a scroll of identify for 52 gold pieces
 29470 | Orc:2    | Learned a level 2 spell: Shroud of Golubria
 29474 | Orc:2    | Learned a level 3 spell: Regeneration
 29675 | Temple   | Identified the +0 robe of Cumnosch {Dex+6} (You found it on level 6 of the Lair of Beasts)
 29701 | Temple   | Learned a level 3 spell: Ozocubu's Armour
 29716 | Temple   | Learned a level 5 spell: Summon Forest
 30278 | Temple   | Learned a level 5 spell: Aura of Abjuration
 30284 | Temple   | Learned a level 5 spell: Summon Mana Viper
 30291 | Temple   | Learned a level 6 spell: Shadow Creatures
 30601 | Snake:1  | Entered Level 1 of the Snake Pit
 30819 | Snake:1  | Found Xexuz's Book Emporium.
 30860 | Snake:1  | Found Xifoew's Antique Armour Shoppe.
 30869 | Snake:1  | Bought a pair of twisted gloves for 399 gold pieces
 30869 | Snake:1  | Identified the cursed +0 pair of gloves "Gubriu" {+Blink} (You bought it in a shop on level 1 of the Snake Pit)
 30869 | Snake:1  | Bought a scorched buckler for 399 gold pieces
 30869 | Snake:1  | Identified the cursed +0 buckler of Ojyn {rF- rC+ Str+6} (You bought it in a shop on level 1 of the Snake Pit)
 32133 | Snake:2  | Found Sifador's Food Shoppe.
 32137 | Snake:2  | Found Ryceawkuq's Food Shoppe.
 32370 | Snake:2  | Noticed a nagaraja
 32390 | Snake:2  | Killed a nagaraja
 33279 | Snake:3  | Identified the cursed +0 scale mail of the Desolation of Salt {rF+}
 33368 | Snake:3  | Noticed a nagaraja
 33397 | Snake:3  | Killed a nagaraja
 33847 | Snake:3  | Reached XP level 17. HP: 103/135 MP: 27/32
 34834 | Temple   | Learned a level 6 spell: Deflect Missiles
 35042 | Orc:2    | Bought a wand of digging (10) for 336 gold pieces
 36331 | Snake:4  | Entered Level 4 of the Snake Pit
 36551 | Snake:4  | Identified the cursed +0 whip of Bloody Death {slash, +Blink Int-5 SInv}
 37523 | Snake:4  | Reached skill level 10 in Conjurations
 37523 | Snake:4  | Reached skill level 10 in Hexes
 37523 | Snake:4  | Reached skill level 10 in Charms
 37523 | Snake:4  | Reached skill level 10 in Summonings
 37523 | Snake:4  | Reached skill level 10 in Necromancy
 37523 | Snake:4  | Reached skill level 10 in Translocations
 37523 | Snake:4  | Reached skill level 10 in Transmutations
 37523 | Snake:4  | Reached skill level 10 in Fire Magic
 37523 | Snake:4  | Reached skill level 10 in Ice Magic
 37523 | Snake:4  | Reached skill level 10 in Air Magic
 37523 | Snake:4  | Reached skill level 10 in Earth Magic
 37523 | Snake:4  | Reached skill level 10 in Poison Magic
 37775 | Snake:4  | Reached XP level 18. HP: 142/143 MP: 28/33
 39258 | Snake:4  | Got a serpentine rune of Zot
 39448 | Shoals:1 | Entered Level 1 of the Shoals
 40486 | Shoals:1 | Identified the Papyrus of Dislocation and Execration
 41633 | Shoals:2 | Reached XP level 19. HP: 151/151 MP: 26/35
 44017 | Shoals:4 | Entered Level 4 of the Shoals
 44070 | Shoals:4 | Noticed Ilsuiw
 44154 | Shoals:4 | Killed Ilsuiw
 44271 | Shoals:4 | Found Tagokea's Armour Boutique.
 44892 | Shoals:4 | Identified the Almanac of Freezing Displacement
 45010 | Shoals:4 | Identified the +3 leather armour of the Prince {*Corrode Int+6}
 45234 | Shoals:4 | Got a barnacled rune of Zot
 45997 | Shoals:4 | Bought the cursed +1 ring mail of the Salmon {rC+ rN++ Dex+5} for 492 gold pieces
 46294 | Vaults:1 | Entered Level 1 of the Vaults
 46405 | Vaults:1 | Reached XP level 20. HP: 141/159 MP: 36/36
 46924 | Vaults:1 | Found Gojytud's Armour Shoppe.
 48932 | Vaults:2 | Reached XP level 21. HP: 166/166 MP: 38/38
 49184 | Vaults:2 | Identified the +4 long sword "Ragecucoic" {drain, rC- Dex+4} (You took it off an ogre mage on level 2 of the Vaults)
 50535 | Temple   | Learned a level 8 spell: Controlled Blink
 50911 | Vaults:3 | Noticed Donald
 50933 | Vaults:3 | Killed Donald
 51199 | Vaults:3 | Reached skill level 15 in Fighting
 51199 | Vaults:3 | Reached skill level 15 in Axes
 51199 | Vaults:3 | Reached skill level 15 in Dodging
 51471 | Vaults:3 | Reached skill level 15 in Invocations
 51756 | Vaults:3 | Found a staircase to the Crypt.
 52252 | Vaults:3 | Reached XP level 22. HP: 175/175 MP: 36/40
 52837 | Vaults:4 | Identified the +10 glaive of the Assorted Stars {holy, rC+}
 53894 | Vaults:4 | Identified the cursed +1 hand crossbow of Articulation {penet, Str+4}
 54528 | Elf:1    | Entered Level 1 of the Elven Halls
 55274 | Elf:1    | Found Felemo's Gadget Boutique.
 55274 | Elf:1    | Found Fuariago's Jewellery Emporium.
 55275 | Elf:1    | Found Jut Doy's Jewellery Emporium.
 55572 | Elf:2    | Reached skill level 15 in Stealth
 56281 | Elf:2    | Found a runed gate.
 56281 | Elf:2    | Found a runed gate.
 56286 | Elf:2    | Found a runed gate.
 56923 | Elf:2    | Reached XP level 23. HP: 182/183 MP: 38/41
 57074 | Elf:3    | Entered Level 3 of the Elven Halls
 57162 | Elf:3    | Identified the +5 dagger of Causality {pierce, rPois}
 57260 | Elf:3    | Found a huge runed gate.
 57260 | Elf:3    | Found a huge runed gate.
 57260 | Elf:3    | Found a huge runed gate.
 57260 | Elf:3    | Found a huge runed gate.
 57260 | Elf:3    | Found a huge runed gate.
 57260 | Elf:3    | Found a huge runed gate.
 57260 | Elf:3    | Found a huge runed gate.
 57261 | Elf:3    | Found a huge runed gate.
 57261 | Elf:3    | Found a huge runed gate.
 57261 | Elf:3    | Found a huge runed gate.
 57732 | Elf:3    | Noticed Asterion
 57771 | Elf:3    | Killed Asterion
 57866 | Elf:3    | Found a huge runed gate.
 57866 | Elf:3    | Found a huge runed gate.
 57866 | Elf:3    | Found a huge runed gate.
 57874 | Elf:3    | Found a huge runed gate.
 57875 | Elf:3    | Found a huge runed gate.
 58018 | Elf:3    | Found a huge runed gate.
 58018 | Elf:3    | Found a huge runed gate.
 58019 | Elf:3    | Found a huge runed gate.
 58020 | Elf:3    | Found a huge runed gate.
 58330 | Elf:3    | Identified the ring "Gidiv" {rPois Str+5} (You took it off a deep elf master archer on level 3 of the Elven Halls)
 58379 | Elf:3    | Reached skill level 15 in Short Blades
 58379 | Elf:3    | Reached skill level 15 in Long Blades
 58379 | Elf:3    | Reached skill level 15 in Maces & Flails
 58379 | Elf:3    | Reached skill level 15 in Polearms
 58379 | Elf:3    | Reached skill level 15 in Staves
 58379 | Elf:3    | Reached skill level 15 in Slings
 58379 | Elf:3    | Reached skill level 15 in Bows
 58379 | Elf:3    | Reached skill level 15 in Crossbows
 58379 | Elf:3    | Reached skill level 15 in Throwing
 58379 | Elf:3    | Reached skill level 15 in Armour
 58379 | Elf:3    | Reached skill level 15 in Shields
 58379 | Elf:3    | Reached skill level 15 in Unarmed Combat
 58379 | Elf:3    | Reached skill level 15 in Spellcasting
 58379 | Elf:3    | Reached skill level 15 in Evocations
 58416 | Elf:3    | Identified the +6 scythe of Superiority {venom, rF+ rC+ SInv} (You took it off a deep elf death mage on level 3 of the Elven Halls)
 58597 | Elf:3    | Identified the Almanac of Lightness
 58599 | Elf:3    | Identified the Reference Book on the Traveller
 58705 | Elf:3    | Learned a level 2 spell: Song of Slaying
 58736 | Elf:3    | Identified the +7 mace of Fiafub {antimagic, *Noise rF++ Int+8}
 60275 | Elf:1    | Bought the ring "Gomi" {Wiz rN+ Str+2 Int+2} for 744 gold pieces
 60882 | Slime:1  | Entered Level 1 of the Pits of Slime
 61339 | Slime:2  | Reached XP level 24. HP: 181/191 MP: 34/42
 61444 | Slime:5  | Entered Level 5 of the Pits of Slime
 61471 | Slime:5  | Found a viscous altar of Jiyva.
 61471 | Slime:5  | Noticed the Royal Jelly
 61472 | Slime:5  | Identified the +8 rapier of Dishonour {pierce, Int+5}
 62034 | Slime:5  | Identified the +6 falchion of Accidental Termination {freeze, Fragile rF+ Dex+7}
 62034 | Slime:5  | Identified the +12 rapier of the Thing {vamp, +Blink +Fly Str-2 Dex+2}
 63620 | Slime:5  | HP: 2/192 [acid blob/splash of acid[the Royal Jelly] (8)]
 63620 | Slime:5  | Splashed by an acid blob's acid

Skill      XL: |  1  2  3  4  5  6  7  8  9 10 11 12 13 14 15 16 17 18 19 20 21 22 23 |
---------------+----------------------------------------------------------------------+-----
Invocations    | 1 2 3 4 5 6 7 8 9 10 11 12 13 14 15 16 | 16.6
Short Blades   | 1 2 3 4 5 6 7 8 9 10 11 12 13 14 15 | 15.4
Long Blades    | 1 2 3 4 5 6 7 8 9 10 11 12 13 14 15 | 15.4
Maces & Flails | 1 2 3 4 5 6 7 8 9 10 11 12 13 14 15 | 15.4
Polearms       | 1 2 3 4 5 6 7 8 9 10 11 12 13 14 15 | 15.4
Staves         | 1 2 3 4 5 6 7 8 9 10 11 12 13 14 15 | 15.4
Slings         | 1 2 3 4 5 6 7 8 9 10 11 12 13 14 15 | 15.4
Bows           | 1 2 3 4 5 6 7 8 9 10 11 12 13 14 15 | 15.4
Crossbows      | 1 2 3 4 5 6 7 8 9 10 11 12 13 14 15 | 15.4
Throwing       | 1 2 3 4 5 6 7 8 9 10 11 12 13 14 15 | 15.4
Armour         | 1 2 3 4 5 6 7 8 9 10 11 12 13 14 15 | 15.4
Shields        | 1 2 3 4 5 6 7 8 9 10 11 12 13 14 15 | 15.4
Unarmed Combat | 1 2 3 4 5 6 7 8 9 10 11 12 13 14 15 | 15.4
Spellcasting   | 1 2 3 4 5 6 7 8 9 10 11 12 13 14 15 | 15.4
Evocations     | 1 2 3 4 5 6 7 8 9 10 11 12 13 14 15 | 15.4
Conjurations   | 1 2 3 4 5 6 7 8 9 10 11 12 13 | 13.2
Hexes          | 1 2 3 4 5 6 7 8 9 10 11 12 13 | 13.2
Charms         | 1 2 3 4 5 6 7 8 9 10 11 12 13 | 13.2
Summonings     | 1 2 3 4 5 6 7 8 9 10 11 12 13 | 13.2
Necromancy     | 1 2 3 4 5 6 7 8 9 10 11 12 13 | 13.2
Translocations | 1 2 3 4 5 6 7 8 9 10 11 12 13 | 13.2
Transmutations | 1 2 3 4 5 6 7 8 9 10 11 12 13 | 13.2
Fire Magic     | 1 2 3 4 5 6 7 8 9 10 11 12 13 | 13.2
Ice Magic      | 1 2 3 4 5 6 7 8 9 10 11 12 13 | 13.2
Air Magic      | 1 2 3 4 5 6 7 8 9 10 11 12 13 | 13.2
Earth Magic    | 1 2 3 4 5 6 7 8 9 10 11 12 13 | 13.2
Poison Magic   | 1 2 3 4 5 6 7 8 9 10 11 12 13 | 13.2
Fighting       | 7 8 9 10 11 12 13 14 15 16 | 16.4
Axes           | 7 8 9 10 11 12 13 14 15 16 | 16.4
Dodging        | 7 8 9 10 11 12 13 14 15 16 | 16.4
Stealth        | 5 6 7 8 9 10 11 12 13 14 15 | 15.8

Action                   |  1- 3 |  4- 6 |  7- 9 | 10-12 | 13-15 | 16-18 | 19-21 | 22-24 || total
-------------------------+-------+-------+-------+-------+-------+-------+-------+-------++-------
Melee: Hand axe          |    86 |    25 |       |       |       |       |       |       ||   111
       Bite              |     8 |    23 |    40 |   141 |   299 |   362 |   607 |   428 ||  1908
       Short sword       |       |   156 |   308 |   556 |       |       |       |       ||  1020
       Demon whip        |       |       |       |   458 |  1726 |  1957 |  2785 |  2141 ||  9067
Throw: Stone             |       |    10 |       |       |       |       |       |       ||    10
       Tomahawk          |       |     1 |    20 |    54 |   133 |   155 |    21 |       ||   384
       Javelin           |       |       |       |       |     2 |    18 |    75 |   161 ||   256
 Cast: Sticks to Snakes  |       |       |       |       |     5 |       |       |    18 ||    23
       Ozocubu's Armour  |       |       |       |       |       |   134 |    38 |       ||   172
       Shroud of Golubri |       |       |       |       |       |   125 |    72 |     6 ||   203
       Regeneration      |       |       |       |       |       |   110 |    83 |    39 ||   232
       Shadow Creatures  |       |       |       |       |       |     9 |       |     5 ||    14
       Summon Forest     |       |       |       |       |       |     6 |       |     2 ||     8
       Summon Mana Viper |       |       |       |       |       |     4 |     3 |       ||     7
       Deflect Missiles  |       |       |       |       |       |    15 |     5 |    12 ||    32
       Aura of Abjuratio |       |       |       |       |       |       |       |    10 ||    10
       Controlled Blink  |       |       |       |       |       |       |       |     9 ||     9
       Song of Slaying   |       |       |       |       |       |       |       |     3 ||     3
Invok: Curse Item        |       |     2 |     1 |     1 |     1 |     4 |     1 |     1 ||    11
Evoke: Wand              |       |       |       |       |       |     3 |       |     3 ||     6
  Use: Scroll            |       |       |     1 |    12 |    19 |     6 |     4 |     2 ||    44
       Potion            |       |       |       |       |     7 |     2 |     1 |     7 ||    17
 Stab: Sleeping          |     3 |     3 |     4 |    21 |     1 |    25 |    13 |    19 ||    89
       Distracted        |       |       |     1 |     1 |     2 |     5 |     3 |     6 ||    18
       Invisible         |       |       |       |       |     1 |       |       |       ||     1
  Eat: Chunk             |     1 |     8 |     9 |    25 |    15 |    10 |    18 |    11 ||    97
       Ration            |       |       |       |     3 |     8 |    15 |     6 |    14 ||    46
Armor: Robe              |     4 |       |       |       |       |       |       |       ||     4
       Scale mail        |    20 |    64 |    70 |   152 |       |       |       |       ||   306
       Plate armour      |       |       |       |    57 |   462 |    18 |       |       ||   537
       Leather armour    |       |       |       |       |       |   309 |   150 |   125 ||   584
       Ring mail         |       |       |       |       |       |       |   236 |   171 ||   407
Dodge: Dodged            |    57 |    75 |   124 |   345 |   477 |  1430 |  1686 |  1150 ||  5344
       Deflected         |       |       |       |       |       |   105 |    79 |    60 ||   244
Block: Buckler           |     1 |    32 |    88 |   266 |   506 |   808 |  1253 |  1002 ||  3956
       Reflection        |       |       |     6 |     8 |     3 |    77 |   108 |    97 ||   299
